 Dungeon Crawl Stone Soup version 0.26.0-16-gc1dbca0489 (webtiles) character file.

Game seed: 6914034686112438915

53 serenereef the Skirmisher (level 3, -2/33 HPs)
             Began as a Ghoul Monk on Jan 18, 2021.
             Killed from afar by an orc wizard (8 damage)
             ... with a puff of flame
             ... on level 3 of the Dungeon.
             The game lasted 00:21:55 (2696 turns).

serenereef the Skirmisher (Ghoul Monk)              Turns: 2696, Time: 00:21:55

Health: -2/33      AC:  4    Str: 10    XL:     3   Next: 87%
Magic:  0/0        EV: 12    Int:  5    God:
Gold:   101        SH:  0    Dex: 12    Spells: 2/2 levels left

rFire    . . .     SeeInvis .   p - +1 dagger (antimagic)
rCold    + . .     Faith    .   (no shield)
rNeg     + + +     Spirit   .   f - +1 leather armour
rPois    ∞         Reflect  .   (no helmet)
rElec    .         Harm     .   (no cloak)
rCorr    .         Rampage  .   (no gloves)
Will     .....                  (no boots)
Stlth    ++........             v - amulet of inaccuracy (curse)
HPRegen  0.00/turn              g - -4 ring of strength (curse)
MPRegen  0.07/turn              (no ring)

@: no status effects
A: claws 1, cold resistance 1, negative energy resistance 3, inhibited
regeneration, torment resistance, unbreathing
a: no special abilities


You were on level 3 of the Dungeon.
You visited 1 branch of the dungeon, and saw 3 of its levels.

You collected 101 gold pieces.

Inventory:

Hand Weapons
 b - a +0 hand axe
 d - a +1 dagger of speed
 e - a +0 dagger
 i - a +0 spear
 j - a +0 flail
 k - a +0 hunting sling
 p - a +1 antimagic dagger (weapon)
 q - a +0 short sword
Missiles
 h - 43 arrows
 n - 31 bolts
 o - 41 stones (quivered)
 s - 5 atropa-tipped darts
Armour
 a - a +0 robe
 f - a +1 leather armour (worn)
Jewellery
 g - a cursed -4 ring of strength (left claw)
 v - a cursed amulet of inaccuracy (around neck)
Scrolls
 u - a scroll of remove curse
Potions
 c - 2 potions of curing {unknown}
 l - a potion of magic {unknown}
 m - 2 potions of degeneration {unknown}
 r - a potion of mutation {unknown}
 t - 3 potions of brilliance {unknown}


   Skills:
 + Level 3.8 Fighting
 + Level 0.6 Short Blades
 + Level 0.5 Maces & Flails
 + Level 0.2 Polearms
 + Level 0.9 Armour
 + Level 3.1 Dodging
 + Level 2.4 Stealth
 + Level 3.4 Unarmed Combat


You had 2 spell levels left.
You didn't know any spells.
Your spell library was empty.

Dungeon Overview and Level Annotations

Branches:
Dungeon (3/15)

Altars:


Innate Abilities, Weirdness & Mutations

You thrive by killing the living.
You are immune to poison.
You have sharp fingernails.
Your flesh is cold resistant. (rC+)
You are immune to negative energy. (rN+++)
You do not regenerate when monsters are visible.
You are immune to unholy pain and torment.
You can survive without breathing.


Message History

An orc comes into view.
The orc throws a boomerang.
The boomerang closely misses you.
The weapon returns to the orc!
The orc throws a boomerang.
The boomerang closely misses you.
The weapon returns to the orc!
The adder closely misses you.
The orc throws a boomerang.
The boomerang closely misses you.
The weapon returns to the orc!
The orc shouts!
The orc wizard points at you and mumbles some strange words.
The puff of flame hits you.
* * * LOW HITPOINT WARNING * * *
The orc throws a boomerang.
The boomerang barely misses you.
The weapon returns to the orc!
The orc throws a boomerang.
The boomerang closely misses you.
The weapon returns to the orc!
The adder bites you.
* * * LOW HITPOINT WARNING * * *
The orc wizard casts a spell at you. The puff of flame hits you!
You die...

.......
........<..........#
................o..#
...................#
......#......oo....#
.............o....#
.......#..........#
......o##.......o.#
......o..o.o...S@.#
.......##.........#
......###.........#
.......##.........#
.......##.........#
.......###.......##
.......# ##.....##
.......# #######
......##


You could see an orc wizard, an adder and 6 orcs.

Vanquished Creatures
  A worm (D:2)
  3 leopard geckos
  3 giant cockroaches
  6 goblins
  3 hobgoblins
  8 jackals (D:2)
  3 bats
  3 frilled lizards
  5 kobolds (D:1)
  10 rats
45 creatures vanquished.

Notes
Turn   | Place    | Note
-------+----------+-------------------------------------------
     0 | D:1      | serenereef the Ghoul Monk began the quest for the Orb.
     0 | D:1      | Reached XP level 1. HP: 19/19 MP: 0/0
   237 | D:2      | Reached XP level 2. HP: 3/26 MP: 1/1
  1283 | D:2      | Reached XP level 3. HP: 33/33 MP: 2/2
  2188 | D:1      | You fall into a shaft and drop 1 floor!
  2696 | D:3      | Killed from afar by an orc wizard

Illustrated notes

Levels and vault maps discovered:
D:1:      lemuel_arrival_river_ford, layout_rooms, minmay_pentomino_t2
D:2:      layout_loops_cross, minmay_misc_feat_iff
D:3:      layout_rooms

Skill      XL: |  1  2  3 |
---------------+----------+-----
Dodging        | 3 |  3.1
Fighting       | |  3.8
Short Blades   | |  0.6
Maces & Flails | |  0.5
Polearms       | |  0.2
Armour         | |  0.9
Stealth        | |  2.4
Unarmed Combat | |  3.4

Action                   || total
-------------------------++-------
Melee: Dagger            ||    80
       Hand axe          ||     5
       Spear             ||    25
       Flail             ||    64
       Punch             ||     1
  Use: Scroll            ||     7
 Stab: Sleeping          ||     3
Armor: Leather armour    ||    58
Dodge: Dodged            ||   147
